 Dungeon Crawl Stone Soup version 0.16-a0-331-g39fd2ee (webtiles) character file.

4050 PolkaDot the Frost Mage (level 10, -21/63 HPs)
             Began as a Vampire Summoner on Sept 7, 2014.
             Was an Elder of Sif Muna.
             Demolished by a white very ugly thing (39 damage)
             ... on Level 9 of the Dungeon.
             The game lasted 00:31:45 (8773 turns).

PolkaDot the Frost Mage (Vampire Summoner)          Turns: 8773, Time: 00:31:45

HP -21/63        AC  7     Str  7 (9)  XL: 10   Next:  4%
MP  10/17        EV 14     Int 19 (20) God: Sif Muna [****..]
Gold 552         SH  0     Dex 11 (14) Spells:  4 memorised,  0 levels left

rFire  + . .     SeeInvis +     u - +5 spear (pierce)
rCold  . . .     Clarity  .     e - +2 robe {rN+}
rNeg   + + .     rCorr    .     (no shield)
rPois  .         rRot     .     H - +1 helmet
rElec  .         Spirit   .     (no cloak)
SustAb .         Warding  .     (no gloves)
rMut   .         Stasis   .     (no boots)
Gourm  .                        (no amulet)
MR     ++...                    y - +5 ring of slaying
                                l - ring of stealth

@: very resistant to hostile enchantments, fairly stealthy
A: bottle blood, fangs 3, repulsion field 1, molten scales 1, see invisible,
fire resistance 1, high mp 1, magic resistance 1, strong 1, unbreathing
a: Bat Form, Bottle Blood, Channel Energy, Forget Spell, Renounce Religion


You were on level 9 of the Dungeon.
You worshipped Sif Muna.
Sif Muna was greatly pleased with you.
You were not thirsty.

You visited 2 branches of the dungeon, and saw 10 of its levels.

You collected 552 gold pieces.

Inventory:

Hand weapons
 d - the +2 hand axe of Xom's Pride {chop, +Rage rElec}
   (You found it on level 4 of the Dungeon)

   It inflicts extra damage upon your enemies.
   It insulates you from electricity.
   It lets you go berserk.
 u - a +5 spear of piercing (weapon)
Missiles
 t - 3 throwing nets (quivered)
Armour
 e - a +2 robe of positive energy (worn)
 H - a +1 helmet (worn)
Magical devices
 k - a wand of frost (6)
 m - a wand of magic darts (6)
 A - a wand of lightning (7) {unknown}
 D - a wand of fire (6) {unknown}
 F - a wand of confusion (13) {unknown}
 G - a wand of flame (5) {unknown}
Scrolls
 a - a scroll of recharging {unknown}
 f - 4 scrolls of teleportation
 g - 3 scrolls of immolation
 i - a scroll of enchant weapon
 n - 7 scrolls of remove curse
 r - 3 scrolls of enchant armour
 s - a scroll of blinking {unknown}
 v - 2 scrolls of noise
 w - 4 scrolls of amnesia
 z - a scroll of fear {unknown}
 C - a scroll of silence {unknown}
Jewellery
 l - a ring of stealth (left hand)
 y - a +5 ring of slaying (right hand)
Potions
 c - 2 potions of might
 h - a potion of haste
 j - a potion of lignification {unknown}
 o - a potion of heal wounds
 p - 5 potions of curing
 q - a potion of agility
 x - a potion of restore abilities
 B - a potion of cancellation
 E - a potion of magic {unknown}
Books
 b - a book of Callings

   Spells                             Type                      Level
   Summon Small Mammal                Summoning                    1
   *Call Imp                          Summoning                    2
   *Call Canine Familiar              Summoning                    3
   *Summon Guardian Golem             Hexes/Summoning              4
   Summon Lightning Spire             Summoning/Air                4
   *Summon Ice Beast                  Ice/Summoning                4


   Skills:
 - Level 2.1 Dodging
 - Level 3.0 Stealth
 - Level 2.0 Spellcasting
 * Level 0.8 Hexes
 + Level 10.0 Summonings
 - Level 11.0 Ice Magic


You couldn't memorise any spells.
You knew the following spells:

 Your Spells              Type           Power        Failure   Level  Hunger
d - Call Canine Familiar  Summ           #####...     1%          3    ####...
g - Summon Guardian Gole  Hex/Summ       ###.....     21%         4    #####..
i - Summon Ice Beast      Ice/Summ       #####...     1%          4    #####..
s - Call Imp              Summ           #####...     1%          2    ##.....


Dungeon Overview and Level Annotations

Branches:
Dungeon (9/15)             Temple (1/1) D:5            Lair (0/8) D:9
    Orc: D:9-12

Altars:
Ashenzari
Cheibriados
Dithmenos
Elyvilon
Fedhas
Gozag
Kikubaaqudgha
Makhleb
Nemelex Xobeh
Okawaru
Qazlal
Sif Muna
Trog
Vehumet
Xom
Yredelemnul
Zin
The Shining One
Lugonu

Shops:
D:5 *


Innate Abilities, Weirdness & Mutations

You can bottle blood from corpses.
You have razor-sharp teeth.
You have supernaturally acute eyesight.
You can survive without breathing.
You are surrounded by a mild repulsion field (EV +2).
You are partially covered in molten scales (AC +1).
Your flesh is heat resistant.
You have an increased reservoir of magic (+10% MP).
You are resistant to hostile enchantments.
Your muscles are strong. (Str +2)


Message History

You hit the phantom. You bite the phantom.
The phantom is almost destroyed.
The giant frog skeleton hits your ice beast but does no damage.
The phantom hits you.
* * * LOW HITPOINT WARNING * * *
The phantom blinks!
The white very ugly thing headbutts your ice beast!
Your ice beast dies!
You puncture the giant frog skeleton!
You destroy the giant frog skeleton!
Things that are here:
a spear; an animal skin Your ice beast hits the phantom.
Your ice beast freezes the phantom.
The phantom resists.
The phantom is destroyed!
The white very ugly thing headbutts you!
* * * LOW HITPOINT WARNING * * *
The white very ugly thing freezes you!!!
Ouch! That really hurt!
You die...

.....#.....[#
..........%...#####
.#.C###..#.$# #............#
#
##.Sh....#######............#
.#..%....#. #$.#............#
....###.....#......#####....#
.....#.....###.....# #....#
..#..#(.#......Y...# #....###
..#######..........#
#......### ..#
#.)..).u@..###+#......... ...
#.....###%..................
... ##....
#.................... .#.
....#Y #$.#..###............
# . ....#
####..#.#++###.#..... #.
#..#..#..........#...
#.....+..........#...
#..###)...#..........#...
#.........#..........'...


You could see a white very ugly thing and a friendly ice beast.

Vanquished Creatures
  Pikel (D:4)
  A spriggan (D:9)
  A hill giant zombie (D:9)
  A wyvern (D:9)
  A wolf (D:9)
  A water moccasin (D:9)
  3 orc warriors (D:8)
  An ogre (D:7)
  A sky beast (D:5)
  A phantom (D:8)
  A centaur (D:5)
  A giant frog (D:8)
  A scorpion (D:9)
  2 wights
  2 goliath beetles
  4 crimson imps
  3 jellies
  4 hounds
  A yellow wasp zombie (D:8)
  An orc wizard (D:7)
  2 giant frog skeletons
  An iguana (D:9)
  An orc priest (D:4)
  4 worker ants
  A hound zombie (D:5)
  A hound skeleton (D:8)
  A steam dragon zombie (D:5)
  6 adders
  5 gnolls
  A shadow imp (D:5)
  2 giant mites
  3 worms
  An iguana zombie (D:5)
  2 giant geckos
  2 oozes (D:2)
  8 orcs
  2 ball pythons
  5 hobgoblins
  8 jackals
  2 quokkas (D:8)
  10 bats
  2 giant cockroaches
  10 giant newts
  11 goblins
  11 kobolds
  4 rats
  A rat zombie (D:7)
139 creatures vanquished.

Vanquished Creatures (collateral kills)
  A deep elf mage (D:9)
  A vampire mosquito (D:9)
  Grum (D:9)
  3 wolves (D:9)
  A sky beast (D:7)
  An orc warrior (D:9)
  A phantom (D:9)
  3 ogres
  A giant frog (D:9)
  A gnoll sergeant (D:8)
  4 killer bees (D:7)
  A scorpion (D:5)
  6 wights
  A gnoll shaman (D:4)
  An orc priest (D:8)
  3 iguanas
  A basilisk skeleton (D:8)
  An orc wizard (D:9)
  3 worker ants
  3 adders
  9 gnolls
  A giant mite (D:1)
  A shadow imp (D:8)
  A worm (D:2)
  9 orcs
  A goblin (D:3)
  A hobgoblin (D:4)
  4 jackals
  2 bats
  2 rats
69 creatures vanquished.

Vanquished Creatures (others)
  3 wolves
  5 ice beasts
  A crimson imp (D:4)
  13 hounds
  A shadow imp (D:4)
  2 white imps
  A giant newt (D:4)
  A rat (D:4)
27 creatures vanquished.

Grand Total: 235 creatures vanquished

Notes
Turn   | Place    | Note
--------------------------------------------------------------
     0 | D:1      | PolkaDot, the Vampire Summoner, began the quest for the Orb.
     0 | D:1      | Reached XP level 1. HP: 13/13 MP: 3/3
   418 | D:1      | Reached XP level 2. HP: 1/19 MP: 1/4
  1071 | D:2      | Learned a level 2 spell: Call Imp
  1085 | D:2      | Reached skill level 5 in Summonings
  1085 | D:2      | Reached XP level 3. HP: 3/24 MP: 0/6
  2146 | D:2      | Learned a level 3 spell: Call Canine Familiar
  2216 | D:2      | Reached XP level 4. HP: 22/30 MP: 5/7
  2386 | D:2      | Found a glowing golden altar of the Shining One.
  2770 | D:3      | Reached skill level 6 in Summonings
  2900 | D:3      | Reached XP level 5. HP: 32/35 MP: 9/9
  3150 | D:4      | Gained mutation: Your body is slowly deteriorating. [potion of mutation]
  3150 | D:4      | Gained mutation: You are surrounded by a mild repulsion field (EV +2). [potion of mutation]
  3150 | D:4      | Gained mutation: Your flesh is heat resistant. [potion of mutation]
  3176 | D:4      | Got a jewelled hand axe
  3177 | D:4      | Identified the +2 hand axe of Xom's Pride {chop, +Rage rElec} (You found it on level 4 of the Dungeon)
  3328 | D:4      | Noticed a slave
  3328 | D:4      | Noticed a slave
  3330 | D:4      | Noticed Pikel
  3337 | D:4      | Noticed a slave
  3341 | D:4      | Noticed a slave
  3373 | D:4      | HP: 2/52 [Pikel/whip of freezing (4)]
  3374 | D:4      | Killed Pikel
  3374 | D:4      | Reached skill level 8 in Summonings
  3374 | D:4      | Reached XP level 6. HP: 2/41 MP: 3/10
  3374 | D:4      | Reached XP level 7. HP: 2/46 MP: 3/12
  3425 | D:4      | Reached skill level 9 in Summonings
  4035 | D:4      | Found a sparkling altar of Nemelex Xobeh.
  4056 | D:5      | Entered Level 5 of the Dungeon
  4142 | D:5      | Found a staircase to the Ecumenical Temple.
  4149 | D:5      | Found Cyitehof's Assorted Antiques.
  4151 | Temple   | Entered the Ecumenical Temple
  4198 | Temple   | Became a worshipper of Sif Muna the Loreminder
  4579 | D:5      | Reached skill level 10 in Summonings
  4587 | D:5      | Learned a level 4 spell: Summon Ice Beast
  4628 | D:5      | Reached skill level 1 in Ice Magic
  4628 | D:5      | Reached XP level 8. HP: 52/52 MP: 9/13
  4895 | D:5      | Found a sparkling altar of Nemelex Xobeh.
  4896 | D:5      | Found an opulent altar of Gozag.
  4957 | D:5      | Gained mutation: You are resistant to hostile enchantments. [potion of mutation]
  4957 | D:5      | Gained mutation: Your muscles are strong. (Str +2) [potion of mutation]
  4957 | D:5      | Gained mutation: You are partially covered in molten scales (AC +1). [potion of mutation]
  5172 | D:6      | Acquired Sif Muna's first power
  6233 | D:7      | Found a stormy altar of Qazlal.
  6298 | D:7      | Reached skill level 5 in Ice Magic
  6454 | D:7      | Acquired Sif Muna's second power
  6502 | D:7      | Found an ancient bone altar of Kikubaaqudgha.
  7121 | D:8      | Reached XP level 9. HP: 49/57 MP: 14/14
  7582 | D:8      | Found a glowing silver altar of Zin.
  7582 | D:8      | Found a snail-covered altar of Cheibriados.
  7583 | D:8      | Found a shattered altar of Ashenzari.
  7627 | D:8      | Found a shadowy altar of Dithmenos.
  7861 | D:8      | Found a shimmering altar of Xom.
  7866 | D:8      | Found a burning altar of Makhleb.
  8382 | D:9      | Found a staircase to the Lair.
  8460 | D:9      | Gained mutation: You have an increased reservoir of magic (+10% MP). [potion of mutation]
  8460 | D:9      | Lost mutation: Your body is slowly deteriorating. [potion of mutation]
  8483 | D:9      | Reached skill level 10 in Ice Magic
  8520 | D:9      | Acquired Sif Muna's third power
  8633 | D:9      | Noticed a hill giant
  8724 | D:9      | Noticed Grum
  8731 | D:9      | Killed Grum
  8744 | D:9      | Reached skill level 11 in Ice Magic
  8744 | D:9      | Reached XP level 10. HP: 27/63 MP: 5/17
  8750 | D:9      | Learned a level 4 spell: Summon Guardian Golem
  8763 | D:9      | Noticed a white very ugly thing
  8773 | D:9      | Demolished by a white very ugly thing

Action                   |  1- 3 |  4- 6 |  7- 9 | 10-12 || total
-------------------------+-------+-------+-------+-------++-------
Melee: Dagger            |    68 |       |       |       ||    68
       Unarmed           |    10 |       |       |       ||    10
       Quarterstaff      |    19 |       |       |       ||    19
       Halberd           |     1 |    48 |       |       ||    49
       Spear             |       |    44 |   360 |     3 ||   407
Throw: Javelin           |     5 |       |       |       ||     5
 Cast: Summon Small Mamm |     2 |       |       |       ||     2
       Call Imp          |     9 |     8 |     5 |       ||    22
       Call Canine Famil |     2 |     4 |    27 |       ||    33
       Summon Ice Beast  |       |       |    28 |       ||    28
Invok: Channel Energy    |       |       |    23 |       ||    23
Evoke: Wand              |     2 |       |       |       ||     2
  Use: Potion            |     1 |     3 |     6 |       ||    10
       Scroll            |       |    10 |    11 |       ||    21
 Stab: Sleeping          |     4 |     4 |    27 |       ||    35
       Invisible         |       |     2 |     1 |       ||     3
       Distracted        |       |     1 |     3 |       ||     4
  Eat: Corpse            |    10 |    11 |    34 |     2 ||    57
